 Dungeon Crawl Stone Soup version 0.31-a0-233-g139696dc86 (webtiles) character file.

Game seed: 8167077522652631626

112 qw the Shooter (level 4, -16/26 HPs)
             Began as a Gargoyle Hexslinger on July 8, 2023.
             Demolished by an ogre
             ... wielding a +0 giant spiked club
              (21 damage)
             ... on level 3 of the Dungeon.
             The game lasted 00:00:57 (1834 turns).

qw the Shooter (Gargoyle Hexslinger)                Turns: 1834, Time: 00:00:57

Health: -16/26     AC: 16    Str: 12    XL:     4   Next: 95%
Magic:  5/5        EV: 11    Int: 13    God:
Gold:   102        SH:  5    Dex: 14    Spells: 4/5 levels left

rFire   . . .        Y - +1 sling
rCold   . . .        (no shield)
rNeg    + . .        c - +0 acid dragon scales
rPois   inf          f - +2 helmet
rElec   +            (no cloak)
rCorr   +            (no gloves)
SInv    .            (no boots)
Will    .....        e - amulet of reflection
Stlth   +            k - +4 ring of protection
HPRegen 0.24/turn    (no ring)
MPRegen 0.09/turn

%: reflection
@: no status effects
A: sickness immunity, AC +3, negative energy resistance 1, electricity
resistance, torment resistance 1, petrification resistance
a: no special abilities


You were on level 3 of the Dungeon.
You visited 1 branch of the dungeon, and saw 4 of its levels.

You collected 130 gold pieces.
You spent 28 gold pieces at shops.


Innate Abilities, Weirdness & Mutations

You are immune to sickness and miasma.
Your stone body is resilient. (AC +3)
You are immune to poison.
You resist negative energy. (rN+)
You are resistant to electric shocks. (rElec)
You are resistant to unholy torment.
You are immune to petrification.


   Skills:
 - Level 2.0 Fighting
 - Level 4.5 Ranged Weapons
 + Level 0.7 Armour
 - Level 1.5 Dodging
 - Level 1.0 Spellcasting
 - Level 2.6 Hexes


You had 4 spell levels left.
You knew the following spells:

 Your Spells              Type           Power      Damage    Failure   Level
a - Slow                  Hex            28%        N/A       14%         1

Your spell library contained the following spells:

 Spells                   Type           Power      Damage    Failure   Level
 Inner Flame              Hex/Fire       4%         N/A       58%         3
 Portal Projectile        Hex/Tloc       8%         N/A       58%         3
 Cause Fear               Hex            3%         N/A       80%         4

Inventory:

Hand Weapons
 Y - a +1 sling (weapon)
Armour
 c - +0 acid dragon scales (worn)
 f - a +2 helmet (worn)
Jewellery
 e - an amulet of reflection (around neck)
 k - a +4 ring of protection (left hand)
 l - a ring of ice
Scrolls
 h - a scroll of identify
Potions
 b - 2 potions of curing {unknown}
 g - a potion of enlightenment
 j - a potion of mutation {unknown}

Dungeon Overview and Level Annotations

Branches:
Dungeon (4/15)
 Temple: D:4-7

Altars:
Makhleb
Nemelex Xobeh

Shops:
D:1 [?**

Annotations:
D:1 2 transporters


Message History

Enter note:
Enter note: You see here 4 large rocks.
An ogre comes into view. It is wielding a +0 giant spiked club.
Enter note:
Enter note: You shoot a sling bullet.
The sling bullet hits the ogre.
The ogre shouts!
The ogre is lightly wounded.
You hear a shout!
You shoot a sling bullet.
The sling bullet barely misses the ogre.
You shoot a sling bullet.
The sling bullet hits the ogre but does no damage.
The ogre is lightly wounded.
Enter note:
Enter note: You shoot a sling bullet.
The sling bullet barely misses the ogre.
You block the ogre's attack.
You shoot a sling bullet.
The sling bullet barely misses the ogre.
A hobgoblin comes into view.
You shoot a sling bullet. The sling bullet hits the ogre.
The ogre is moderately wounded.
The ogre hits you with a +0 giant spiked club!
You shoot a sling bullet. The sling bullet hits the ogre.
The ogre is heavily wounded.
The ogre barely misses you.
You shoot a sling bullet. The sling bullet hits the ogre.
The ogre is severely wounded.
The hobgoblin hits you but does no damage.
The ogre hits you with a +0 giant spiked club!
The hobgoblin hits you but does no damage.
You shoot a sling bullet. The sling bullet hits the ogre.
The ogre is almost dead.
You block the hobgoblin's attack.
The ogre hits you with a +0 giant spiked club!!
Ouch! That really hurt!
You die...

#.#..7 #.... #.##.. #....
#.###. ##..... ####.###.
......####........
...........#..#.##
...####.##..............
#......Og.........%.....
########@##..............
..........#........).....
########..#.#.........#..
#..................#.#
#.#....#.#............
#.#.##.#.#.####....###
#.#.##.#.#...........
#.#.................##
#.#..#(#.#.......#..#


You could see an ogre and a hobgoblin.

Vanquished Creatures
  2 adders (D:2)
  2 worms (D:2)
  2 dart slugs (D:2)
  4 ball pythons
  11 bats
  10 endoplasms
  4 giant cockroaches
  10 goblins
  9 hobgoblins
  3 jackals (D:1)
  2 quokkas
  3 frilled lizards (D:1)
  6 kobolds
  10 rats
78 creatures vanquished.

Notes
Turn   | Place    | Note
-------+----------+-------------------------------------------
     0 | D:1      | qw the Gargoyle Hexslinger began the quest for the Orb.
     0 | D:1      | Reached XP level 1. HP: 12/12 MP: 2/2
     0 | D:1      | 0 ||| qw: Version: 0.3-a-46-gb1f654a
     0 | D:1      | 0 ||| qw: Game counter: 3744
     0 | D:1      | 0 ||| qw: Melee chars always use a shield: true
     0 | D:1      | 0 ||| qw: God list: Okawaru
     0 | D:1      | 0 ||| qw: Allow faded altars: false
     0 | D:1      | 0 ||| qw: Do Orc after clearing Dungeon:15 true
     0 | D:1      | 0 ||| qw: Do second Lair branch before Depths: true
     0 | D:1      | 0 ||| qw: Lair rune preference: random
     0 | D:1      | 0 ||| qw: Goals: Normal
     0 | D:1      | 0 ||| PLANNING D:1-11
    27 | D:1      | Found a transporter.
    27 | D:1      | Found Yweqochi's General Store.
    62 | D:1      | Found Naicit's Assorted Antiques.
    71 | D:1      | Reached XP level 2. HP: 16/16 MP: 3/3
    84 | D:1      | Reached skill level 3 in Ranged Weapons
   107 | D:1      | 107 ||| SHOPLISTING 2 fuming white potions (39 gold, have
                  | 18).
   107 | D:1      | 107 ||| SHOPLISTING 2 scrolls labelled BUHYMN ARITH (44
                  | gold, have 18).
   107 | D:1      | 107 ||| SHOPLISTING 2 scrolls labelled VACRU DEAH (44 gold,
                  | have 18).
   107 | D:1      | 107 ||| SHOPLISTING leather armour (44 gold, have 18).
   107 | D:1      | 107 ||| SHOPLISTING scroll labelled HOGACEMUSH (22 gold,
                  | have 18).
   107 | D:1      | 107 ||| SHOPLISTING scroll labelled VACRU DEAH (22 gold,
                  | have 18).
   107 | D:1      | 107 ||| SHOPLISTING sedimented white potion (19 gold, have
                  | 18).
   142 | D:1      | Found Quabeck's Antique Armour Shop.
   152 | D:1      | 152 ||| SHOPLISTING leather armour (50 gold, have 33).
   152 | D:1      | 152 ||| SHOPLISTING pair of boots (112 gold, have 33).
   152 | D:1      | 152 ||| SHOPLISTING ring mail (100 gold, have 33).
   174 | D:1      | Found Kisoc's Magic Scroll Shoppe.
   184 | D:1      | 184 ||| SHOPLISTING scroll of enchant armour (105 gold,
                  | have 33).
   184 | D:1      | 184 ||| BUYING scroll of identify (28 gold).
   184 | D:1      | Bought a scroll of identify for 28 gold pieces
   184 | D:1      | 184 ||| SHOPLISTING scroll of identify (28 gold, have 5).
   184 | D:1      | 184 ||| SHOPLISTING scroll of teleportation (42 gold, have
                  | 5).
   265 | D:1      | Reached XP level 3. HP: 21/21 MP: 4/4
   356 | D:1      | Found a transporter.
   542 | D:1      | 542 ||| DROPPING scarf of harm.
   543 | D:1      | 543 ||| READING scroll labelled SYUVAU XUTISK.
   547 | D:1      | 547 ||| DRINKING 2 sedimented dark potions.
   548 | D:1      | 548 ||| READING 3 scrolls of identify.
   548 | D:1      | 548 ||| IDENTIFYING viscous blue potion
   549 | D:1      | 549 ||| READING 2 scrolls of identify.
   549 | D:1      | 549 ||| IDENTIFYING lumpy cyan potion
   550 | D:1      | 550 ||| DROPPING scroll of poison.
   551 | D:1      | 551 ||| DROPPING potion of brilliance.
   552 | D:1      | 552 ||| DROPPING potion of lignification.
   890 | D:2      | Found a faded altar of an unknown god.
   969 | D:2      | 969 ||| Stepping ~*~*~tactically~*~*~ (outnumbered).
   978 | D:2      | Reached XP level 4. HP: 25/26 MP: 5/5
  1018 | D:2      | Identified the +7 war axe "Goblinslayer" {pain, Stlth+}
  1065 | D:2      | Found a sparkling altar of Nemelex Xobeh.
  1101 | D:2      | Reached skill level 4 in Ranged Weapons
  1615 | D:2      | 1615 ||| UPGRADING to +2 helmet.
  1620 | D:2      | 1620 ||| UPGRADING to +0 leather armour.
  1630 | D:2      | 1630 ||| DROPPING +0 robe.
  1631 | D:2      | 1631 ||| UPGRADING to amulet of reflection.
  1636 | D:2      | 1636 ||| UPGRADING to +4 ring of protection.
  1637 | D:2      | 1637 ||| READING scroll labelled IRGHUM JUGRUY.
  1638 | D:2      | 1638 ||| READING scroll labelled DUNAAM TEMOED.
  1678 | D:3      | Found a burning altar of Makhleb.
  1696 | D:3      | You fall into a shaft and drop 1 floor!
  1710 | D:4      | 1710 ||| UPGRADING to +0 acid dragon scales.
  1720 | D:4      | 1720 ||| DROPPING +0 leather armour.
  1721 | D:4      | 1721 ||| READING scroll labelled LIEDACSOAP.
  1723 | D:4      | 1723 ||| FLEEEEING.
  1724 | D:4      | 1724 ||| FLEEEEING.
  1725 | D:4      | 1725 ||| FLEEEEING.
  1726 | D:4      | 1726 ||| FLEEEEING.
  1727 | D:4      | 1727 ||| FLEEEEING.
  1728 | D:4      | 1728 ||| FLEEEEING.
  1729 | D:4      | 1729 ||| STAIRDANCE
  1824 | D:3      | Noticed an ogre
  1833 | D:3      | HP: 5/26 [ogre/+0 giant spiked club (10)]
  1834 | D:3      | Demolished by an ogre

Levels and vault maps discovered:
D:1:      minmay_arrival_plants_in_alcoves, layout_basic, serial_shops,
          nicolae_shop_trees, shop, nicolae_shop_drivethru,
          nicolae_shop_peninsula
D:2:      minmay_razor_zed, layout_loops_ring, basic_altar,
          shapermc_ecumenical_altar_totnotflames
D:3:      layout_basic, mainiacjoe_overflow_paths, minmay_misc_feat_plants,
          grunt_ministairs_9, minmay_shallow_snake_nest
D:4:      layout_loops_cross

Skill      XL: |  1  2  3  4 |
---------------+-------------+-----
Ranged Weapons | 3 4 |  4.5
Fighting       | 2 |  2.0
Armour         | |  0.7
Dodging        | |  1.5
Spellcasting   | |  1.0
Hexes          | |  2.6

Action                     |  1- 3 |  4- 6 || total
---------------------------+-------+-------++-------
   Fire: Sling             |   133 |   106 ||   239
    Use: Scroll            |     3 |     3 ||     6
         Potion            |     1 |       ||     1
 Armour: Robe              |    25 |     6 ||    31
         Acid dragon scale |       |     9 ||     9
  Dodge: Dodged            |    64 |    20 ||    84
  Block: Other             |       |     6 ||     6
         Reflection        |       |     1 ||     1

Table legend:
 A = Non-vault XP
 B = Vault XP
 C = Vault XP percentage of total XP
 D = Non-vault monster count
 E = Vault monster count
 F = Vault count percentage of total count
                 A         B        C        D         E       F
            +---------+---------+-------+---------+---------+-------
      Total |     122 |      39 |  24.2 |      65 |      13 |  16.7
            +---------+---------+-------+---------+---------+-------
        D:1 |      51 |       0 |   0.0 |      33 |       0 |   0.0
        D:2 |      51 |      36 |  41.4 |      21 |      11 |  34.4
        D:3 |      16 |       3 |  15.8 |       9 |       2 |  18.2
        D:4 |       4 |       0 |   0.0 |       2 |       0 |   0.0
            +---------+---------+-------+---------+---------+-------
